Map: World of Sleepers LE

Players

Crag - Winner!

  • Race: Protoss Protoss
  • League: Diamond
  • Spawn Location: 7:00

IIIIIIIIIIII

  • Race: Terran Terran
  • League: Master
  • Spawn Location: 1:00

VOD

Have the link to the VOD?

Description

Time

  • Played on: Feb. 14, 2020, 4:33 p.m.
  • Length: 9:31
Show
View Real Time Build Order
Export as new Build Order

Crag Protoss - Winner!

Build Orders: Cannon Rush 

Get SALT Encoding   

  12  0:01  Probe  
  13  0:15  Pylon  
  13  0:19  Probe  
  14  0:31  Probe  
  15  0:35  Forge  
  15  0:43  Probe  
  16  1:05  Pylon  
  16  1:20  Photon Cannon  
  16  1:24  Photon Cannon  
  16  1:27  Gateway  
  16  1:41  Photon Cannon  
  16  1:47  Probe (Chrono Boost)  
  17  1:59  Probe (Chrono Boost)  
  18  2:05  Probe (Chrono Boost)  
  19  2:09  Gateway  
  19  2:17  Photon Cannon  
  19  2:29  Probe (Chrono Boost)  
  20  2:41  Probe (Chrono Boost)  
  21  2:48  Probe (Chrono Boost), Assimilator  
  22  3:01  Zealot  
  22  3:02  Probe  
  25  3:08  Zealot  
  27  3:18  Pylon  
  27  3:26  Pylon  
  27  3:43  Photon Cannon  
  27  3:46  Pylon  
  27  4:01  Probe  
  28  4:03  Cybernetics Core  
  28  4:09  Photon Cannon  
  28  4:10  Photon Cannon  
  28  4:20  Photon Cannon  
  28  4:22  Pylon  
  28  4:24  Pylon  
  28  4:30  Photon Cannon  
  28  4:35  Probe  
  29  4:47  Probe  
  29  4:49  Photon Cannon  
  29  4:51  Stalker (Chrono Boost)  
  30  4:58  Shield Battery  
  32  5:11  Shield Battery  
  32  5:13  Photon Cannon  
  32  5:16  Pylon  
  32  5:25  Stalker  
  34  5:32  Probe  
  32  5:38  Photon Cannon  
  32  5:40  Photon Cannon  
  32  5:55  Assimilator  
  30  6:10  Probe  
  31  6:16  Warp Gate (Chrono Boost)  
  31  6:20  Stalker  
  31  6:25  Stargate  
  33  6:28  Gateway  
  33  6:30  Gateway  
  33  6:35  Pylon  
  31  6:57  Photon Cannon  
  31  7:10  Void Ray  
  35  7:17  Probe  
  36  7:26  Twilight Council  
  36  7:35  Gateway  
  35  7:52  Stalker x3  
  41  8:09  Void Ray (Chrono Boost)  
  45  8:16  Stalker  
  45  8:17  Zealot  
  45  8:18  Zealot  
  49  8:35  Stalker  
  49  9:00  Stalker  
  49  9:01  Stalker x2  
  51  9:27  Stalker  
  51  9:28  Stalker x2  
Show
View Real Time Build Order
Export as new Build Order

IIIIIIIIIIII Terran 

Build Orders:  

Get SALT Encoding   

  12  0:00  SCV  
  13  0:18  Supply Depot  
  13  0:25  SCV, Refinery  
  14  0:37  SCV  
  15  0:53  Refinery  
  15  0:57  Barracks  
  15  1:02  SCV  
  16  1:22  SCV  
  17  1:34  SCV  
  18  1:44  Reaper  
  18  1:46  SCV  
  20  1:47  Barracks  
  20  2:16  Reaper  
  21  2:58  Supply Depot  
  20  3:20  Reaper  
  21  3:43  Reaper  
  22  3:52  Reaper  
  21  4:05  Orbital Command  
  21  4:08  Refinery  
  21  4:15  Reaper  
  22  4:22  Factory  
  22  4:24  Reaper  
  23  4:39  Orbital Command  
  23  5:09  Refinery  
  23  5:11  Factory Tech Lab  
  23  5:14  Supply Depot  
  23  5:36  SCV  
  23  5:37  Cyclone  
  27  5:48  SCV  
  25  6:54  Cyclone  
  28  7:13  Orbital Command  
  28  7:36  Refinery x2  
  28  7:39  SCV  
  28  7:40  Bunker  
  29  7:52  SCV  
  30  8:04  SCV  
  31  8:22  SCV  
  22  9:13  SCV  
Tags
 
Add a new tag
Caveats
  • Supply blocks, unpowered buildings, or Contaminate may cause inaccurate times.
  • Supply counts are checked every 10 seconds.